 Dungeon Crawl Stone Soup version bcrawl-1.29.2 (webtiles) character file.

Game seed: 10236903834222282341

188325 MisterOstroum the Sneak (level 6, 45/56 HPs)
             Began as a Naga Venom Mage on Jan 21, 2021.
             Starved to death
             ... on level 3 of the Dungeon on Feb 19, 2021.
             The game lasted 00:16:03 (3148 turns).

MisterOstroum the Sneak (Naga Venom Mage)           Turns: 3148, Time: 00:16:04

Health: 45/56      AC:  5    Str: 10    XL:     6   Next: 74%
Magic:  9/9        EV: 10    Int: 18    God:
Gold:   140        SH:  3    Dex: 11    Spells: 3/9 levels left

rFire    . . .     SeeInvis +   a - +0 trident
rCold    . . .     Gourm    .   (no shield)
rNeg     . . .     Faith    .   i - +0 robe
rPois    +         Spirit   .   C - +0 helmet
rElec    .         Reflect  +   y - +0 cloak
rCorr    +         Harm     .   (no gloves)
MR       .....                  (no barding)
Stlth    +++.......             x - +3 amulet of reflection
HPRegen  0.18/turn              E - ring of resist corrosion
MPRegen  0.11/turn              (no ring)

@: fainting, very slow
A: large, see invisible, deformed body, poison resistance, slowness 2, slow
metabolism 1, spit poison 1, AC +2
a: Spit Poison


You were on level 3 of the Dungeon.
You were fainting.

You visited 1 branch of the dungeon, and saw 3 of its levels.

You collected 140 gold pieces.

Inventory:

Hand Weapons
 a - a +0 trident (weapon)
 b - a +0 hunting sling
 c - a +0 blowgun
 B - a +0 dagger
 J - a +2 mace of protection
Missiles
 l - 676 stones (quivered)
 q - 332 arrows
 s - 112 sling bullets
 F - 33 poisoned needles
 H - 92 poisoned tomahawks
Armour
 i - a +0 robe (worn)
 u - a +0 ring mail
 y - a +0 cloak (worn)
 z - a +0 buckler
 C - a +0 helmet (worn)
Jewellery
 x - a +3 amulet of reflection (around neck)
 E - a ring of resist corrosion (left hand)
Scrolls
 d - 3 scrolls of identify {@r1}
 g - a scroll of fear {unknown}
 h - 2 scrolls of enchant weapon {unknown}
 j - a scroll of immolation {unknown}
 o - 3 scrolls of remove curse
 A - a scroll of amnesia {unknown}
Potions
 f - a potion of degeneration
 k - a potion of brilliance
 m - 2 potions of curing {unknown}
 p - a potion of haste {unknown}
 r - a potion of berserk rage
 t - a potion of heal wounds {unknown}
 v - a potion of resistance {unknown}
 w - 3 potions of agility {unknown}
 I - a potion of flight {unknown}


   Skills:
 - Level 3.0 Fighting
 * Level 3.1 Slings
 - Level 1.5 Dodging
 - Level 6.0 Stealth
 - Level 2.0 Spellcasting
 - Level 1.0 Conjurations
 + Level 0.0 Transmutations
 + Level 0.0 Fire Magic
 * Level 1.3 Air Magic
 + Level 5.2 Poison Magic


You had 3 spell levels left.
You knew the following spells:

 Your Spells              Type           Power        Failure   Level  Hunger
a - Sting                 Conj/Pois      ##..         4%          1    None
b - Poisonous Vapours     Pois/Air       ##....       7%          2    ##.....
c - Ignite Poison         Fire/Tmut/Pois #.......     26%         3    ####...

Your spell library contained the following spells:

 Spells                   Type           Power        Failure   Level  Hunger
 Olgreb's Toxic Radiance  Pois           ###......    22%         4    ######.
 Summon Scorpions         Summ/Pois      ##......     52%         4    ######.
 Venom Bolt               Conj/Pois      ##........   80%         5    #######


Dungeon Overview and Level Annotations

Branches:
Dungeon (3/12)

Altars:

Annotations:
D:3 exclusion: ooze


Innate Abilities, Weirdness & Mutations

You cannot wear boots.
Your serpentine skin is tough. (AC +2)
You have supernaturally acute eyesight. (SInv)
Armour fits poorly on your strangely shaped body.
Your system is resistant to poisons. (rPois)
You cover ground very slowly.
You have a slow metabolism.
You can spit poison.


Message History

You are feeling hungry.
You closely miss the hungry ghost.
The hungry ghost is heavily damaged.
The hungry ghost closely misses you.
You barely miss the hungry ghost.
The hungry ghost is heavily damaged.
The hungry ghost hits you.
You feel a lot more hungry. The hungry ghost hits you.
You are feeling very hungry.
You closely miss the hungry ghost.
The hungry ghost is heavily damaged.
The hungry ghost hits you.
You are near starving!
Things that are here:
a cursed +0 club; a +0 short sword You miss the hungry ghost.
The hungry ghost is heavily damaged.
The hungry ghost hits you.
You feel somewhat more hungry. The hungry ghost hits you.
You are starving!
You aren't carrying any food.
You aren't carrying any food.
Okay, then.
Unknown command.
Really read
n - a scroll of teleportation {@r3 !r}? [Y]es or [N]o only, please.
Really read
n - a scroll of teleportation {@r3 !r}?
As you read the scroll of teleportation {@r3 !r}, it crumbles to dust.
You feel strangely unstable. The hungry ghost hits you.
You feel somewhat more hungry.
Your surroundings suddenly seem different.
There is an open door here.
Really slither into that teleport trap?
You enter a teleport trap!
The teleport trap disappears.
Your surroundings suddenly seem different.
You see here a chain mail.
You are fainting from starvation!
Things that are here:
a cursed +0 club; a +0 short sword
There is an open door, spattered with blood here.
Things that are here:
a +0 whip; a +0 ring mail; a +0 trident What are your orders? t - Shout!
Orders for allies: a - Attack new target. r - Retreat! s - Stop attacking. g - Guard the area. f - Follow me.
Anything else - Cancel.
You shout for attention!
You hear a bark!
There is an open door here.
You don't have the energy to cast spells.
Attack whom?
Press: ? - help, Dir - move target cursor, f - hound
Aim: a hound You reach to attack!
You barely miss the hound. The hound barely misses you.
You closely miss the hound. The hound bites you. x2
You miss the hound. The hound barely misses you. x2
You hit the hound but do no damage. The hound bites you but does no damage.
The hound barely misses you.
Wield which item (- for none, * to show all)? (? for menu, Esc to quit)
c - a +0 blowgun (weapon)
The hound barely misses you.
Firing (i - inventory. (/) - cycle)
F - 38 poisoned needles (quivered)
Press: ? - help, Shift-Dir - straight line, f/p - hound
Aim: a hound You shoot a poisoned needle.
The poisoned needle closely misses the hound.
The hound bites you.
Firing (i - inventory. (/) - cycle)
F - 37 poisoned needles (quivered)
Press: ? - help, Shift-Dir - straight line, f/p - hound
Aim: a hound You shoot a poisoned needle.
The poisoned needle misses the hound.
The hound bites you but does no damage. The hound closely misses you.
Firing (i - inventory. (/) - cycle)
F - 36 poisoned needles (quivered)
Press: ? - help, Shift-Dir - straight line, f/p - hound
Aim: a hound You shoot a poisoned needle.
The poisoned needle closely misses the hound.
The hound closely misses you.
Firing (i - inventory. (/) - cycle)
F - 35 poisoned needles (quivered)
Press: ? - help, Shift-Dir - straight line, f/p - hound
Aim: a hound You shoot a poisoned needle.
The poisoned needle closely misses the hound.
You block the hound's attack. x2
Firing (i - inventory. (/) - cycle)
F - 34 poisoned needles (quivered)
Press: ? - help, Shift-Dir - straight line, f/p - hound
Aim: a hound You shoot a poisoned needle.
The poisoned needle barely misses the hound.
The hound barely misses you. x2
Wield which item (- for none, * to show all)? (? for menu, Esc to quit)
a - a +0 trident (weapon)
You block the ooze's attack. The hound closely misses you.
You hit the hound but do no damage. The hound bites you but does no damage.
The hound barely misses you.
You hit the hound but do no damage.
You have starved to death.
You die...

#.#.###.# #. ##. #....### #.#
#.......###.. ' ...# #.#
###.####...#####. #..# #.#
#.......##(%.'# #..###.#
###...##..#...(.# #...##.#
..[.......#?..(.### ##....#.#
##.....##.#.$$)?'.####....##.####
#.....##.##...##h.....#)........
####..##..#####@##.####.###.###.
###.....#..[.)###......###.# #.
#........###'## ######.##..# #.
#.##.###.# #)# #.##.## #. #.#..#
#.# #.# #.##.# #.
#.#.####.###.#########.##.####.
#........##..........#.........
###.######.....#####.####.#####
#.# ##...## #......#


You could see a hound.

Vanquished Creatures
  A hound (D:2)
  An orc priest (D:3)
  3 orc wizards (D:3)
  Jessica (D:3)
  Terence (D:2)
  Robin (D:3)
  4 adders (D:3)
  A howler monkey skeleton (D:3)
  An adder zombie (D:3)
  An adder skeleton (D:3)
  5 worms
  4 dart slugs
  5 leopard geckos
  13 orcs (D:3)
  9 bats
  2 giant cockroaches
  10 goblins
  8 hobgoblins
  3 jackals (D:3)
  8 kobolds
  A ball python (D:2)
  7 frilled lizards
  4 rats
94 creatures vanquished.

Notes
Turn   | Place    | Note
-------+----------+-------------------------------------------
     0 | D:1      | MisterOstroum the Naga Venom Mage began the quest for the
                  | Orb.
     0 | D:1      | Reached XP level 1. HP: 15/15 MP: 3/3
   218 | D:1      | Reached skill level 1 in Fighting
   218 | D:1      | Reached XP level 2. HP: 25/25 MP: 3/5
   239 | D:1      | Reached skill level 4 in Stealth
   460 | D:1      | Reached XP level 3. HP: 31/31 MP: 6/6
   931 | D:2      | Learned a level 2 spell: Poisonous Vapours
   937 | D:2      | Learned a level 3 spell: Ignite Poison
  1067 | D:2      | Noticed Terence
  1089 | D:2      | Killed Terence
  1090 | D:2      | Reached skill level 5 in Stealth
  1090 | D:2      | Reached XP level 4. HP: 22/39 MP: 1/7
  1604 | D:3      | Reached skill level 1 in Slings
  1663 | D:3      | Reached XP level 5. HP: 40/46 MP: 5/8
  1853 | D:3      | Noticed Robin
  1865 | D:3      | Killed Robin
  2005 | D:3      | Noticed Jessica
  2012 | D:3      | Killed Jessica
  2142 | D:3      | Reached skill level 6 in Stealth
  2462 | D:3      | Upgraded the game from bcrawl-1.28.5 to bcrawl-1.29.2
  2521 | D:3      | Noticed a hungry ghost
  2523 | D:3      | Reached XP level 6. HP: 56/56 MP: 5/9
  2714 | D:3      | Reached skill level 5 in Poison Magic
  2878 | D:3      | Reached skill level 1 in Air Magic
  3148 | D:3      | Starved to death

Skill      XL: |  1  2  3  4  5  6 |
---------------+-------------------+-----
Fighting       | 1 2 3 |  3.0
Stealth        | 4 5 6 |  6.0
Slings         | 1 2 3 |  3.1
Poison Magic   | 5 |  5.2
Air Magic      | 1 |  1.3
Dodging        | |  1.5
Spellcasting   | |  2.0
Conjurations   | |  1.0

Action                   |  1- 3 |  4- 6 || total
-------------------------+-------+-------++-------
Melee: Unarmed           |     1 |       ||     1
       Club              |     9 |       ||     9
       Trident           |       |    67 ||    67
 Fire: Hunting sling     |     2 |    49 ||    51
       Blowgun           |       |     5 ||     5
Throw: Stone             |       |     2 ||     2
 Cast: Sting             |    24 |    54 ||    78
       Poisonous Vapours |     2 |    34 ||    36
       Ignite Poison     |       |     1 ||     1
 Abil: Spit Poison       |    17 |    27 ||    44
Evoke: Wand              |       |     6 ||     6
  Use: Scroll            |     1 |     3 ||     4
 Stab: Distracted        |       |     1 ||     1
       Sleeping          |       |     1 ||     1
  Eat: Chunk             |     2 |    15 ||    17
       Ration            |       |     3 ||     3
Armor: Robe              |     3 |    39 ||    42
Dodge: Dodged            |    14 |    80 ||    94
Block: Other             |       |    14 ||    14
